 Seeded DCSS version 0.31-a0-14-gc80a10f4b6 (webtiles) character file.

Game seed: 3072459660147148853 (custom seed)

5305 Pimp the Cleaver (level 10, -12/93 HPs)
             Began as a Hill Orc Fighter on May 7, 2023.
             Was a Believer of Makhleb.
             Mangled by a sun demon (16 damage)
             ... summoned by a kobold demonologist
             ... on level 7 of the Dungeon.
             The game lasted 00:19:22 (8297 turns).

Pimp the Cleaver (Hill Orc Fighter)                 Turns: 8297, Time: 00:19:23

Health: -12/93     AC:  8    Str: 20    XL:     10   Next: 64%
Magic:  16/16      EV:  9    Int: 12    God:    Makhleb [**....]
Gold:   455        SH:  7    Dex: 10    Spells: 17/17 levels left

rFire   . . .        a - +0 war axe (spect)
rCold   + . .        c - +1 buckler
rNeg    . . .        b - +0 scale mail
rPois   .            (no helmet)
rElec   .            (no cloak)
rCorr   .            (no gloves)
SInv    .            (no boots)
Will    .....        (no amulet) Stlth
                     (no ring)
HPRegen 0.35/turn    (no ring)
MPRegen 0.15/turn

%: no passive effects
@: unable to drink
A: cold resistance 1, screaming 1, inability to drink after injury 2
a: Renounce Religion, Minor Destruction


You were on level 7 of the Dungeon.
You worshipped Makhleb.
Makhleb was pleased with you.
You visited 2 branches of the dungeon, and saw 8 of its levels.

You collected 455 gold pieces.

Inventory:

Hand Weapons
 a - a +0 spectral war axe (weapon)
Armour
 b - a +0 scale mail (worn)
 c - a +1 buckler (worn)
Jewellery
 n - a +5 ring of evasion
Wands
 i - a wand of flame (18)
Scrolls
 h - 2 scrolls of amnesia
 j - 2 scrolls of teleportation
 k - 2 scrolls of fog
 l - a scroll of poison
 m - 2 scrolls of identify
Potions
 d - 3 potions of might
 e - a potion of ambrosia {unknown}
 f - 5 potions of curing
 p - 3 potions of flight {unknown}
 r - a potion of resistance {unknown}


   Skills:
 + Level 10.3 Fighting
 + Level 10.7 Axes
 + Level 9.4 Armour
 + Level 9.4 Shields
 - Level 4.0 Spellcasting
 + Level 4.5 Invocations


You had 17 spell levels left.
You didn't know any spells.
Your spell library contained the following spells:

 Spells                   Type           Power      Damage    Failure   Level
 Beastly Appendage        Tmut           4%         N/A       52%         1
 Kiss of Death            Conj/Necr      8%         2d6       52%         1
 Shock                    Conj/Air       8%         1d3       52%         1
 Blink                    Tloc           4%         N/A       67%         2
 Lesser Beckoning         Tloc           4%         N/A       67%         2
 Momentum Strike          Conj/Tloc      4%         3d8       67%         2
 Wereblood                Tmut           2%         N/A       67%         2
 Confusing Touch          Hex            2%         N/A       88%         3
 Spider Form              Tmut/Pois      2%         N/A       88%         3
 Swiftness                Air            2%         N/A       88%         3
 Airstrike                Air            1%         2d(1-17)  99%         4
 Dispel Undead            Necr           2%         3d7       99%         4
 Petrify                  Tmut/Erth      2%         N/A       99%         4
 Metabolic Englaciation   Hex/Ice        1%         N/A       100%        5
 Statue Form              Tmut/Erth      1%         N/A       100%        6


Dungeon Overview and Level Annotations

Branches:
Dungeon (7/15)             Temple (1/1) D:5

Altars:
Ashenzari
Cheibriados
Dithmenos
Fedhas
Gozag
Makhleb
Okawaru
Qazlal
Sif Muna
Uskayaw
Xom
Zin
The Shining One

Shops:
D:6 :


Innate Abilities, Weirdness & Mutations

Your flesh is cold resistant. (rC+)
You occasionally shout uncontrollably at your foes.
You sometimes lose the ability to drink potions when taking damage.


Message History

You slash the orc priest!
You kill the orc priest!
Makhleb accepts your kill.
You feel better.
Your +0 spectral war axe disappears.
The kobold demonologist looks satisfied for a moment.
The sun demon hits you!
You are engulfed in flames!
You feel threatened and lose the ability to drink potions!
The kobold demonologist hits you with a +0 dagger.
Things that are here:
a +0 hand axe; a +0 scale mail; an orc corpse You hit the kobold demonologist.
The kobold demonologist is lightly wounded.
You hit the sun demon but do no damage.
Your +0 spectral war axe hits the kobold demonologist!
Your +0 spectral war axe hits the sun demon. x2
Your +0 spectral war axe hits the kobold demonologist.
The sun demon barely misses you.
The kobold demonologist barely misses you.
You completely miss the kobold demonologist.
The kobold demonologist is heavily wounded.
You hit the sun demon but do no damage.
Your +0 spectral war axe hits the kobold demonologist but does no damage.
Your +0 spectral war axe hits the sun demon but does no damage. x2
Your +0 spectral war axe misses the kobold demonologist.
The sun demon hits you.
You are engulfed in flames!
* * * LOW HITPOINT WARNING * * *
The kobold demonologist hits you with a +0 dagger.
* * * LOW HITPOINT WARNING * * *
You hit the kobold demonologist but do no damage.
The kobold demonologist is heavily wounded.
You hit the sun demon but do no damage.
Your +0 spectral war axe closely misses the kobold demonologist.
Your +0 spectral war axe hits the sun demon.
Your +0 spectral war axe closely misses the sun demon.
Your +0 spectral war axe hits the kobold demonologist but does no damage.
The sun demon hits you!
* * * LOW HITPOINT WARNING * * *
You are engulfed in flames!
You die...

#########''''#############...#≈≈.
...#....#...........#'###≈~P
...'....)...........))#.≈≈≈.
...#....#...........#)#.~≈~.
#####################)#.~≈≈.
.........'.#......#.~≈~.
.........#)#......#.~~~.
......3(.#[##'###.#.~≈~.
......K@.#.#....#.#.~≈~.
########)###....#.#.~≈~.
#........'....#'###≈~.
##########################...#≈~P
.........................#...#≈~.
~~~~~~~~~~~≈≈~~~≈~~~≈~~~~#####≈~.
≈≈≈≈~≈~≈≈≈~~≈~≈≈≈≈≈~≈≈†≈≈≈≈≈≈≈≈~.
~~~~~~~≈~~~~~≈~~~~≈~~†~~≈~~~~~~~.
P.................†............P.


You could see a sun demon (summoned), a kobold demonologist and a friendly +0
spectral war axe.

Vanquished Creatures
  Sigmund (D:3)
  Menkaure (D:4)
  A warg (D:7)
  2 water moccasins
  3 sky beasts
  5 orc warriors
  2 ice beasts
  8 ogres
  3 black bears
  A centaur (D:7)
  A kobold brigand (D:7)
  Blork the orc (D:6)
  A gnoll sergeant (D:7)
  4 wights (D:6)
  12 howler monkeys
  9 hounds
  10 orc priests
  A jelly (D:5)
  2 gnoll boudas (D:7)
  2 sleepcaps
  Jessica (D:3)
  4 iguanas
  5 orc wizards (D:7)
  Robin (D:4)
  9 gnolls
  11 adders
  A white imp (D:6)
  4 dart slugs
  31 orcs
  6 ball pythons
  11 bats
  6 endoplasms
  3 giant cockroaches
  9 hobgoblins
  10 jackals
  5 kobolds
  7 quokkas
  A frilled lizard (D:2)
  19 goblins
  6 rats
220 creatures vanquished.

Vanquished Creatures (others)
  8 plants
  A spectral weapon (D:7)
9 creatures vanquished.

Grand Total: 229 creatures vanquished

Notes
Turn   | Place    | Note
-------+----------+-------------------------------------------
     0 | D:1      | Pimp the Hill Orc Fighter began the quest for the Orb.
     0 | D:1      | Reached XP level 1. HP: 19/19 MP: 1/1
   119 | D:1      | Reached XP level 2. HP: 21/27 MP: 2/2
   337 | D:1      | Reached XP level 3. HP: 30/33 MP: 3/3
  1384 | D:2      | Reached XP level 4. HP: 38/40 MP: 4/4
  1981 | D:3      | Noticed Sigmund
  2057 | D:3      | Noticed Jessica
  2061 | D:3      | Killed Jessica
  2062 | D:3      | Reached XP level 5. HP: 47/47 MP: 5/5
  2132 | D:3      | Found a blossoming altar of Fedhas.
  2161 | D:3      | Found a faded altar of an unknown god.
  2296 | D:3      | Killed Sigmund
  2297 | D:3      | Reached skill level 5 in Fighting
  2297 | D:3      | Reached XP level 6. HP: 36/56 MP: 6/6
  2387 | D:3      | Reached skill level 5 in Axes
  2551 | D:3      | Found an opulent altar of Gozag.
  2986 | D:4      | Noticed Menkaure
  2996 | D:4      | Killed Menkaure
  2997 | D:4      | Reached skill level 5 in Armour
  2997 | D:4      | Reached skill level 5 in Shields
  2997 | D:4      | Reached XP level 7. HP: 28/62 MP: 7/7
  3004 | D:4      | Noticed Robin
  3010 | D:4      | Killed Robin
  3567 | D:4      | Gained mutation: Your magical capacity is low. (-10% MP)
                  | [potion of mutation]
  3567 | D:4      | Gained mutation: You are dopey. (Int -2) [potion of
                  | mutation]
  3567 | D:4      | Gained mutation: Potions are less effective at restoring
                  | your health. [potion of mutation]
  3570 | D:4      | Reached XP level 8. HP: 78/78 MP: 6/12
  3618 | D:5      | Entered Level 5 of the Dungeon
  3736 | D:5      | Found a broken altar of Ashenzari.
  3738 | D:5      | Found a shimmering blue altar of Sif Muna.
  3742 | D:5      | Found an iron altar of Okawaru.
  3744 | D:5      | Found a stormy altar of Qazlal.
  4248 | D:5      | Reached XP level 9. HP: 78/83 MP: 13/13
  4615 | D:5      | Found a staircase to the Ecumenical Temple.
  4906 | D:5      | Identified the +6 leather armour of Ufeustro {Int+5}
  5100 | Temple   | Entered the Ecumenical Temple
  5115 | Temple   | Became a worshipper of Makhleb the Destroyer
  5181 | D:6      | Noticed Blork the orc
  5305 | D:6      | Killed Blork the orc
  5622 | D:6      | Reached skill level 1 in Invocations
  5930 | D:6      | Found Roeseuca's Book Shop.
  6066 | D:6      | Reached skill level 10 in Axes
  6217 | D:7      | Lost mutation: Your magical capacity is low. (-10% MP)
                  | [potion of mutation]
  6217 | D:7      | Lost mutation: You are dopey. (Int -2) [potion of mutation]
  6217 | D:7      | Lost mutation: Potions are less effective at restoring your
                  | health. [potion of mutation]
  6217 | D:7      | Gained mutation: You occasionally lose the ability to drink
                  | potions when taking damage. [potion of mutation]
  6217 | D:7      | Gained mutation: You occasionally shout uncontrollably at
                  | your foes. [potion of mutation]
  6217 | D:7      | Gained mutation: You sometimes lose the ability to drink
                  | potions when taking damage. [potion of mutation]
  6217 | D:7      | Gained mutation: Your flesh is cold resistant. (rC+)
                  | [potion of mutation]
  6569 | D:7      | Reached * piety under Makhleb
  6664 | D:7      | Reached XP level 10. HP: 71/93 MP: 16/16
  6789 | D:7      | Reached skill level 10 in Fighting
  7226 | D:7      | HP: 2/93 [orc warrior/+0 glaive (11)]
  7635 | D:6      | Reached ** piety under Makhleb
  8285 | D:7      | Noticed a kobold demonologist
  8293 | D:7      | Noticed a sun demon
  8297 | D:7      | HP: 4/93 [sun demon[a kobold demonologist] (17)]
  8297 | D:7      | Mangled by a sun demon

Illustrated notes

Levels and vault maps discovered:
D:1:      sevenhm_arrival_forest_fort_large_2, layout_basic,
          minmay_splitting_lines
D:2:      layout_loops_corners, st_stairs_1
D:3:      layout_basic, fedhas_altar_2, general_overflow_altar,
          ebering_ecumenical_altar_ruins, uniq_jessica, uniq_sigmund
D:4:      layout_basic, uniq_menkaure, uniq_robin
D:5:      minmay_chambers_of_threes, layout_loops_ring,
          grunt_temple_overflow_open, minmay_temple_entry_purple_smoke,
          grunt_ministairs_13, serial_bayou_lagoon_b
D:6:      layout_gridville, serial_shops, nicolae_square_shop,
          uniq_blork_the_orc
D:7:      lemuel_castle_with_subvaults [lemuel_castle_interior_carwin_1],
          layout_rooms
Temple:   nicolae_temple_bog_church

Skill      XL: |  1  2  3  4  5  6  7  8  9 10 |
---------------+-------------------------------+-----
Axes           | 3 4 5 9 10 | 10.7
Fighting       | 4 5 9 10 | 10.3
Shields        | 4 5 8 9 |  9.4
Armour         | 4 5 8 9 |  9.4
Spellcasting   | 4 |  4.0
Invocations    | 3 4 |  4.5

Action                     |  1- 3 |  4- 6 |  7- 9 | 10-12 || total
---------------------------+-------+-------+-------+-------++-------
  Melee: War axe           |    89 |    90 |   193 |   129 ||   501
 Invoke: Minor Destruction |       |       |       |     2 ||     2
    Use: Scroll            |       |     9 |     4 |     2 ||    15
         Potion            |       |       |     6 |     1 ||     7
   Stab: Distracted        |       |     1 |     3 |     4 ||     8
 Armour: Scale mail        |    46 |    37 |    74 |    29 ||   186
  Dodge: Dodged            |    59 |    52 |    68 |    43 ||   222
  Block: Buckler           |    34 |    24 |    52 |    34 ||   144

Table legend: (Time is in decaauts)
 A = Elapsed time spent in this place.
 B = Non-inter-level travel time spent in this place.
 C = Inter-level travel time spent in this place.
 D = Time resting spent in this place.
 E = Time spent auto-exploring this place.
 F = Levels seen in this place.
 G = Mean time per level.
                   A        B        C        D        E       F      G
               +--------+--------+--------+--------+--------+-----+--------+
         Total |   8408 |   8026 |    382 |   1463 |   5196 |   8 | 1051.0 |
       Dungeon |   8384 |   8015 |    369 |   1463 |   5192 |   7 | 1197.7 |
        Temple |     24 |     11 |     13 |      0 |      4 |   1 |   24.0 |
               +--------+--------+--------+--------+--------+-----+--------+

Top non-repeatable levels by time:
     D:6: 1854 daAuts
     D:5: 1644 daAuts
     D:7: 1197 daAuts
     D:1: 1056 daAuts
     D:2: 967 daAuts
     D:3: 891 daAuts
     D:4: 772 daAuts
  Temple: 24 daAuts
